 Dungeon Crawl Stone Soup version 0.31.0-9-g3a7656b989 (webtiles) character file.

Game seed: 13463569549205755668

5348 PaiMei the Merchant of Misery (level 10, -5/79 HPs)
             Began as a Demonspawn Necromancer on Jan 24, 2024.
             Was a Believer of Kikubaaqudgha.
             Slain by a death yak (12 damage)
             ... on level 7 of the Dungeon.
             The game lasted 00:18:23 (15490 turns).

PaiMei the Merchant of Misery (DsNe)               Turns: 15490, Time: 00:18:24

Health: -5/79      AC: 13    Str:  8    XL:     10   Next: 38%
Magic:  2/21       EV: 15    Int: 21    God:    Kikubaaqudgha [**....]
Gold:   545        SH:  5    Dex: 16    Spells: 10/23 levels left

rFire   + + .        N - +1 short sword (venom)
rCold   . . .        (no shield)
rNeg    + . .        L - +2 leather armour {rN+}
rPois   .            (helmet restricted)
rElec   .            E - +0 cloak
rCorr   .            (no gloves)
SInv    .            A - +2 pair of boots "Zieti" {-Tele rF+ Will+ Dex+3}
Will    +....        v - amulet of reflection
Stlth   ++           r - +4 ring of slaying
HPRegen 0.33/turn    (no ring)
MPRegen 0.17/turn

%: no teleportation, reflection
@: no status effects
A: horns 1, molten scales 3, ignite blood 1, demonic magic 1
a: Renounce Religion, Unearth Wretches


You were on level 7 of the Dungeon.
You worshipped Kikubaaqudgha.
Kikubaaqudgha was pleased with you.
You visited 2 branches of the dungeon, and saw 9 of its levels.
You also visited: Bailey.

You collected 569 gold pieces.
You spent 24 gold pieces at shops.

Inventory:

Hand Weapons
 D - a +3 quarterstaff of chaos
 N - a +1 short sword of venom (weapon)
Missiles
 n - 7 poisoned darts (quivered)
 C - a throwing net
 M - 2 curare-tipped darts
Armour
 t - the +8 chain mail of Tulips {Int+2 Dex+5}
   (You found it on level 2 of the Dungeon)

   Int+2:     It affects your intelligence (+2).
   Dex+5:     It affects your dexterity (+5).
 A - the +2 pair of boots "Zieti" (worn) {-Tele rF+ Will+ Dex+3}
   (You found it on level 4 of the Dungeon)

   Dex+3:     It affects your dexterity (+3).
   rF+:       It protects you from fire.
   Will+:     It increases your willpower.
   -Tele:     It prevents most forms of teleportation.
 E - a +0 cloak (worn)
 F - a scarf of shadows
 L - a +2 leather armour of positive energy (worn)
Jewellery
 c - an amulet of guardian spirit
 r - a +4 ring of slaying (left hand)
 v - an amulet of reflection (around neck)
 y - an amulet of faith
Talismans
 K - a serpent talisman
Wands
 a - a wand of flame (71)
 G - a wand of mindburst (9)
 I - a wand of roots (15)
Scrolls
 d - a scroll of amnesia {unknown}
 f - 4 scrolls of poison
 g - a scroll of immolation {unknown}
 l - 2 scrolls of silence {unknown}
 p - 2 scrolls of summoning {unknown}
 w - 2 scrolls of fog {unknown}
 x - a scroll of teleportation {unknown}
 z - a scroll of fear {unknown}
 H - a scroll of acquirement {unknown}
 J - a scroll of revelation {unknown}
Potions
 b - a potion of magic
 e - 4 potions of cancellation
 h - a potion of attraction {unknown}
 i - 3 potions of enlightenment
 k - 3 potions of heal wounds
 m - 2 potions of degeneration {unknown}
 o - 2 potions of haste {unknown}
 u - a potion of curing {unknown}
 B - a potion of ambrosia {unknown}


   Skills:
 + Level 7.2 Fighting
 + Level 7.4 Dodging
 - Level 3.0 Stealth
 + Level 7.3 Spellcasting
 + Level 9.6 Necromancy


You had 10 spell levels left.
You knew the following spells:

 Your Spells              Type           Power      Damage    Failure   Level
a - Necrotise             Necr           100%       1d9       1%          1
b - Vampiric Draining     Necr           48%        2d9       1%          3
c - Animate Dead          Necr           48%        N/A       2%          4
d - Curse of Agony        Necr           48%        N/A       7%          5

Your spell library contained the following spells:

 Spells                   Type           Power      Damage    Failure   Level
 Kiss of Death            Conj/Necr      100%       2d13      1%          1
 Sublimation of Blood     Necr           48%        N/A       1%          2
 Fugue of the Fallen      Necr           48%        N/A       1%          3
 Freeze                   Ice            28%        1d5       12%         1
 Shock                    Conj/Air       28%        1d4       12%         1
 Martyr's Knell           Necr/Summ      27%        N/A       17%         4
 Jinxbite                 Hex            14%        N/A       19%         2
 Frozen Ramparts          Ice            14%        1d3       36%         3
 Hailstorm                Conj/Ice       7%         3d5       36%         3
 Swiftness                Air            7%         N/A       36%         3
 Airstrike                Air            3%         2d(1-17)  77%         4
 Yara's Violent Unravell  Hex/Alch       3%         3d4       98%         5
 Enfeeble                 Hex            3%         N/A       100%        7


Dungeon Overview and Level Annotations

Branches:
Dungeon (8/15)             Temple (1/1) D:4            Lair (0/5) D:8
 Bailey (visited)

Altars:
Ashenzari
Cheibriados
Dithmenos
Fedhas
Gozag
Kikubaaqudgha
Nemelex Xobeh
Qazlal
Ru
Sif Muna
Wu Jian
Xom
Yredelemnul

Shops:
D:7 *


Innate Abilities, Weirdness & Mutations

You have a pair of small horns on your head.
You are completely covered in molten scales. (AC +4, rF+)
Your demonic aura sometimes causes spilled blood to erupt in flames.
Spells you cast may paralyse adjacent enemies.


Message History

Aiming: Vampiric Draining (safe; 1% risk of failure)
Press: ? - help, Shift-Dir - straight line, f/p - death yak
Aim: a death yak (moderately wounded, very poisoned)
You draw life force from the death yak.
You feel life coursing into your body. Malevolent energies surge around you.
You block the death yak's attack.
Casting: Vampiric Draining (safe; 1% risk of failure)
Confirm with . or Enter, or press ? or * to list all spells.
Aiming: Vampiric Draining (safe; 1% risk of failure)
Press: ? - help, Shift-Dir - straight line, f/p - death yak
Aim: a death yak (heavily wounded, very poisoned)
You draw life force from the death yak.
You feel life coursing into your body. Malevolent energies surge around you.
The death yak gores you.
Casting: Vampiric Draining (safe; 1% risk of failure)
Confirm with . or Enter, or press ? or * to list all spells.
Aiming: Vampiric Draining (safe; 1% risk of failure)
Press: ? - help, Shift-Dir - straight line, f/p - death yak
Aim: a death yak (heavily wounded, very poisoned)
You draw life force from the death yak.
You feel life coursing into your body. Malevolent energies surge around you.
The death yak gores you!!
* * * LOW HITPOINT WARNING * * *
Casting: Vampiric Draining (safe; 1% risk of failure)
Confirm with . or Enter, or press ? or * to list all spells.
You don't have enough magic to cast this spell.
You hit the death yak but do no damage.
The death yak looks as sick as possible!
The death yak is severely wounded.
The death yak gores you!
* * * LOW HITPOINT WARNING * * *
You hit the death yak.
The death yak looks as sick as possible!
You headbutt the death yak.
The death yak is severely wounded.
You block the death yak's attack.
You hit the death yak.
The death yak looks as sick as possible!
You headbutt the death yak.
The death yak is severely wounded.
The death yak gores you!
You die...
Kikubaaqudgha rasps: "You have failed me!
Welcome... death!"

###.##...###.#.#.............##
#####..###..##..#...........###
#....#..##........###......
#......###.......## #......
##...............# ##.....
##...............# ##.....
##................####......
###.........○Y.......#........
####..)........†@................
........##......°○...............
......#####.................#####
......## ##...............##
.......# #.....##........#
.......## ##....#####.....###
#.......###.....## ###.....##
###......#..#....#####..###..###
##.......######.....### ###..##


You could see a death yak (extremely poisoned).

Vanquished Creatures
  A death yak (D:7)
  Maurice (D:7)
  Grinder (D:5)
  Sigmund (D:6)
  7 yaks
  Eustachio (D:5)
  A water moccasin (D:6)
  Duvessa (D:5)
  2 ice beasts
  5 sky beasts
  2 ogres
  2 centaurs (D:7)
  A phantom (D:5)
  2 kobold brigands (D:7)
  3 scorpions
  3 bullfrogs
  Blork the orc (D:5)
  Dowan (D:5)
  2 bombardier beetles
  A hound (D:4)
  An orc priest (D:5)
  A jelly (D:4)
  Crazy Yiuf (D:2)
  2 sleepcaps
  2 gnoll boudas
  4 iguanas
  Natasha (thrice) (D:2)
  3 orc wizards
  19 gnolls
  7 adders
  2 shadow imps
  A white imp (D:7)
  2 ufetubi (D:7)
  3 dart slugs (D:2)
  A ribbon worm (D:2)
  35 orcs
  9 endoplasms
  5 giant cockroaches
  36 goblins
  37 hobgoblins
  11 jackals
  5 quokkas
  6 ball pythons
  5 bats
  7 frilled lizards
  16 kobolds
  3 rats
266 creatures vanquished.

Vanquished Creatures (collateral kills)
  2 orcs
  A goblin (D:3)
  A hobgoblin (D:4)
  A bat (D:1)
  2 frilled lizards
  A rat (D:1)
8 creatures vanquished.

Grand Total: 274 creatures vanquished

Notes
Turn   | Place    | Note
-------+----------+-------------------------------------------
     0 | D:1      | PaiMei the Demonspawn Necromancer began the quest for the
                  | Orb.
     0 | D:1      | Reached XP level 1. HP: 13/13 MP: 3/3
   251 | D:1      | Gained mutation: Spells you cast may paralyse adjacent
                  | enemies. [demonic ancestry]
   251 | D:1      | Reached XP level 2. HP: 19/19 MP: 3/5
  1003 | D:1      | Gained mutation: You are partially covered in molten
                  | scales. (AC +2) [demonic ancestry]
  1003 | D:1      | Reached XP level 3. HP: 15/24 MP: 1/6
  1753 | D:2      | Learned a level 3 spell: Vampiric Draining
  1912 | D:2      | Noticed Natasha
  1925 | D:2      | Killed Natasha
  1926 | D:2      | Reached XP level 4. HP: 24/30 MP: 0/8
  2044 | D:2      | Reached skill level 5 in Necromancy
  2558 | D:2      | Identified the +8 chain mail of Tulips {Int+2 Dex+5}
  2637 | D:2      | Found a runed translucent door.
  2638 | D:2      | Noticed Crazy Yiuf
  2864 | D:2      | Noticed Natasha
  2870 | D:2      | Killed Natasha
  2871 | D:2      | Reached XP level 5. HP: 35/35 MP: 4/9
  2947 | D:2      | Noticed Natasha
  2952 | D:2      | Killed Natasha
  3423 | D:3      | Found a sacrificial altar of Ru.
  3444 | D:3      | Found a faded altar of an unknown god.
  3518 | D:3      | Found a shadowy altar of Dithmenos.
  4598 | D:3      | Reached skill level 1 in Fighting
  4814 | D:3      | Gained mutation: Your demonic aura sometimes causes spilled
                  | blood to erupt in flames. [demonic ancestry]
  4814 | D:3      | Reached XP level 6. HP: 39/43 MP: 3/11
  6296 | D:4      | Identified the +2 pair of boots "Zieti" {-Tele rF+ Will+
                  | Dex+3}
  6332 | D:4      | Reached skill level 6 in Necromancy
  6332 | D:4      | Gained mutation: You have a pair of small horns on your
                  | head. [demonic ancestry]
  6332 | D:4      | Reached XP level 7. HP: 51/51 MP: 3/12
  7125 | D:4      | Found a staircase to the Ecumenical Temple.
  7131 | Temple   | Entered the Ecumenical Temple
  7142 | Temple   | Became a worshipper of Kikubaaqudgha
  7621 | D:2      | Killed Crazy Yiuf
  7835 | D:5      | Entered Level 5 of the Dungeon
  7836 | D:5      | Noticed Blork the orc
  7838 | D:5      | Noticed Grinder
  7964 | D:5      | Killed Grinder
  8020 | D:5      | Noticed Duvessa
  8028 | D:5      | Noticed Dowan
  8033 | D:5      | Killed Duvessa
  8308 | D:5      | Noticed Eustachio
  8336 | D:5      | Gained mutation: You are mostly covered in molten scales.
                  | (AC +3) [demonic ancestry]
  8336 | D:5      | Reached XP level 8. HP: 59/59 MP: 8/14
  8990 | D:5      | Reached skill level 7 in Necromancy
  9301 | D:5      | Reached skill level 5 in Spellcasting
  9323 | D:5      | Killed Dowan
  9324 | D:5      | Reached skill level 5 in Dodging
  9710 | D:5      | Reached * piety under Kikubaaqudgha
  9710 | D:5      | Received a gift from Kikubaaqudgha
  9757 | D:5      | Killed Blork the orc
  9906 | D:5      | Found an opulent altar of Gozag.
 10143 | D:5      | Killed Eustachio
 10567 | D:6      | Noticed Sigmund
 10575 | D:6      | Killed Sigmund
 10576 | D:6      | Reached skill level 5 in Fighting
 10685 | D:6      | Gained mutation: You are completely covered in molten
                  | scales. (AC +4, rF+) [demonic ancestry]
 10685 | D:6      | Reached XP level 9. HP: 68/68 MP: 12/17
 10755 | D:6      | Found a basalt altar of Yredelemnul.
 10889 | D:6      | Reached skill level 8 in Necromancy
 11626 | D:7      | Found Rynlea's General Store.
 11636 | D:7      | Found a flagged portal.
 11818 | D:7      | Bought a scroll of identify for 24 gold pieces
 11860 | Bailey   | Entered a bailey
 13261 | D:7      | Reached ** piety under Kikubaaqudgha
 13341 | D:7      | Noticed Maurice
 13348 | D:7      | Something stole a serpent talisman
 13355 | D:7      | Killed Maurice
 13638 | D:7      | Reached skill level 9 in Necromancy
 14425 | D:8      | Noticed a death yak
 14437 | D:8      | Noticed a death yak
 14513 | D:7      | Learned a level 4 spell: Animate Dead
 14519 | D:7      | Learned a level 5 spell: Curse of Agony
 14652 | D:8      | Found a staircase to the Lair.
 14653 | D:8      | Noticed a death yak
 14662 | D:7      | Killed a death yak
 14663 | D:7      | Reached XP level 10. HP: 77/77 MP: 3/20
 15490 | D:7      | Slain by a death yak

Illustrated notes

Levels and vault maps discovered:
D:1:      dpeg_arrival_tiny_h, layout_loops_ring
D:2:      kennysheep_big_flooded_room, layout_loops_corners, corner_web_ring,
          st_stairs_5, uniq_crazy_yiuf_cottage, uniq_natasha
D:3:      minmay_goblin_kobold_castle, layout_basic,
          mainiacjoe_overflow_concentric_impassable, amcnicky_altar_gilded,
          serial_corexii_hall, corexii_hall_statues_i, corexii_hall_statues_x,
          corexii_hall_statues_i, corexii_hall_statues_l,
          basic_ecumenical_altar, chequers_hall_statues_y
D:4:      layout_loops_corners, minmay_temple_entry_enclosed_plants
D:5:      layout_rooms, mainiacjoe_overflow_alcove_1, uniq_blork_the_orc,
          uniq_duvessa, uniq_eustachio, uniq_grinder
D:6:      layout_loops_ring, yredelemnul_altar_generic, uniq_sigmund
D:7:      layout_layer_cave, serial_shops, shop, enter_bailey_6, uniq_maurice
D:8:      layout_loops_ring, mainiacjoe_overflow_brackets,
          mainiacjoe_overflow_paths, trog_hazing_becter, lemuel_round_altar,
          dpeg_lair_monsters, chequers_avenue
Temple:   nicolae_temple_bog_church

Skill      XL: |  1  2  3  4  5  6  7  8  9 10 |
---------------+-------------------------------+-----
Stealth        | 2 3 |  3.0
Dodging        | 2 3 4 5 7 |  7.4
Necromancy     | 5 6 7 9 |  9.6
Spellcasting   | 3 4 5 7 |  7.3
Fighting       | 1 2 3 5 6 7 |  7.2

Action                     |  1- 3 |  4- 6 |  7- 9 | 10-12 || total
---------------------------+-------+-------+-------+-------++-------
  Melee: Unarmed           |     8 |       |       |       ||     8
         Punch             |     1 |     1 |       |     1 ||     3
         Short sword       |    13 |    16 |     1 |    16 ||    46
         Dagger            |       |    28 |     1 |       ||    29
         Quarterstaff      |       |       |    54 |       ||    54
         Headbutt          |       |       |    13 |     7 ||    20
   Cast: Necrotise         |    76 |   205 |   210 |     3 ||   494
         Vampiric Draining |       |     2 |    59 |    12 ||    73
         Curse of Agony    |       |       |       |     2 ||     2
    Use: Scroll            |       |       |     4 |       ||     4
   Stab: Paralysed         |     5 |     7 |     4 |     9 ||    25
 Armour: Robe              |    49 |    72 |    49 |       ||   170
         Leather armour    |       |       |    47 |    15 ||    62
  Dodge: Dodged            |    45 |    72 |    93 |    19 ||   229
  Block: Other             |       |       |    24 |     9 ||    33
         Reflection        |       |       |     4 |       ||     4
